 Dungeon Crawl Stone Soup version 0.19.1 (webtiles) character file.

85 Melicamp the Stinger (level 4, -3/36 HPs)
             Began as a Naga Venom Mage on Nov 26, 2016.
             Slain by a goblin
             ... wielding a +0 dagger
             ... led by Robin
              (6 damage)
             ... on level 2 of the Dungeon.
             The game lasted 00:09:18 (1988 turns).

Melicamp the Stinger (Naga Venom Mage)              Turns: 1988, Time: 00:09:19

Health: -3/36      AC:  4    Str: 10    XL:     4   Next: 48%
Magic:  0/7        EV: 10    Int: 16    God:
Gold:   9          SH:  0    Dex: 12    Spells: 1 memorised, 6 levels left

rFire  . . .     SeeInvis +     (no weapon)
rCold  . . .     Gourm    .     a - +0 robe
rNeg   . . .     Faith    .     (no shield)
rPois  +         Spirit   .     (no helmet)
rElec  .         Reflect  .     d - +1 cloak
rCorr  .         Harm     .     (no gloves)
MR     .....                    (no barding)
Stlth  ++........               (no amulet)
                                (no ring)
                                (no ring)

@: very slow
A: see invisible, deformed body, poison resistance, slowness 2, slow metabolism
1, spit poison 1, AC +1
a: Spit Poison


You were on level 2 of the Dungeon.
You were hungry.

You visited 1 branch of the dungeon, and saw 2 of its levels.

You collected 9 gold pieces.

Inventory:

Armour
 a - a +0 robe (worn)
 d - a +1 cloak (worn)
Scrolls
 e - 3 scrolls of teleportation
 f - a scroll of identify
Books
 b - a Young Poisoner's Handbook

   Spells                             Type                      Level
   a - Sting                          Conjuration/Poison           1
   b - Mephitic Cloud                 Conjuration/Poison/Air       3
   c - Olgreb's Toxic Radiance        Poison                       4
   d - Alistair's Intoxication        Transmutation/Poison         5
   e - Venom Bolt                     Conjuration/Poison           5
Comestibles
 c - 2 bread rations
 g - 2 chunks of flesh
 h - a meat ration


   Skills:
 - Level 1.5 Dodging
 - Level 3.0 Stealth
 - Level 2.0 Spellcasting
 - Level 2.3 Conjurations
 + Level 6.8 Poison Magic


You had 6 spell levels left.
You knew the following spells:

 Your Spells              Type           Power        Failure   Level  Hunger
a - Sting                 Conj/Pois      ###.         3%          1    #......


Dungeon Overview and Level Annotations

Branches:
Dungeon (2/15)

Altars:
Ru

Annotations:
D:2 Robin


Innate Abilities, Weirdness & Mutations

You cannot wear boots.
Your serpentine skin is tough. (AC +1)
You have supernaturally acute eyesight. (SInv)
Armour fits poorly on your strangely shaped body.
Your system is resistant to poisons. (rPois)
You cover ground very slowly.
You have a slow metabolism.
You can spit poison.


Message History

The goblin hits you with a dagger.
You closely miss the goblin.
The goblin is heavily wounded.
The goblin hits you but does no damage. The goblin closely misses you.
The goblin hits you with a dagger.
You barely miss the goblin.
The goblin is heavily wounded.
The goblin hits you but does no damage. x2; The goblin closely misses you.
You hit the goblin but do no damage.
The goblin is heavily wounded.
Robin throws the goblin at you! The goblin barely misses you.
The goblin hits you with a dagger.
* * * LOW HITPOINT WARNING * * *
The goblin closely misses you. The goblin hits you but does no damage.
You hit the goblin but do no damage.
The goblin is heavily wounded.
The goblin hits you but does no damage. The goblin hits you with a club.
* * * LOW HITPOINT WARNING * * *
The goblin hits you with a dagger.
You die...

# # ....... ##### .......
####### ....# ...)... #.....#
....# ##..#..... #.....#
#...##.......... #.....#
####..........g. ########.....#
.............rgg##.........####
...÷.#..###..###@g.#.....###
.#####..# #.....gg......##
##......# #.##...........#
#..###.####.#............#
<......##.......)).......#
##...........#÷.........##
...............#...#...##
......##.....#....######
.......#.....#..#....


You could see Robin, a quokka and 5 goblins.

Vanquished Creatures
  3 adders (D:2)
  A worm (D:2)
  A dart slug (D:2)
  A leopard gecko (D:2)
  3 bats (D:2)
  A giant cockroach (D:2)
  11 goblins
  12 hobgoblins
  4 jackals (D:1)
  A quokka (D:2)
  A ball python (D:2)
  A frilled lizard (D:2)
  3 kobolds (D:2)
  6 rats
49 creatures vanquished.

Vanquished Creatures (others)
  A leopard gecko (D:1)
1 creature vanquished.

Grand Total: 50 creatures vanquished

Notes
Turn   | Place    | Note
-------+----------+-------------------------------------------
     0 | D:1      | Melicamp the Naga Venom Mage began the quest for the Orb.
     0 | D:1      | Reached XP level 1. HP: 15/15 MP: 3/3
   354 | D:1      | Reached XP level 2. HP: 5/22 MP: 0/5
   609 | D:1      | Reached skill level 1 in Conjurations
   837 | D:2      | Found a sacrificial altar of Ru.
   849 | D:2      | Reached skill level 6 in Poison Magic
   849 | D:2      | Reached XP level 3. HP: 21/28 MP: 3/6
  1436 | D:2      | HP: 1/28 [hobgoblin (3)]
  1531 | D:2      | Reached XP level 4. HP: 12/36 MP: 5/7
  1975 | D:2      | Noticed Robin
  1988 | D:2      | Slain by a goblin

Skill      XL: |  1  2  3 |
---------------+----------+-----
Conjurations   | 1 2 |  2.3
Poison Magic   | 6 |  6.8
Dodging        | |  1.5
Stealth        | |  3.0
Spellcasting   | |  2.0

Action                   |  1- 3 |  4- 6 || total
-------------------------+-------+-------++-------
Melee: Unarmed           |    40 |     7 ||    47
 Cast: Sting             |    57 |    24 ||    81
 Abil: Spit Poison       |    12 |     1 ||    13
  Use: Scroll            |     4 |     1 ||     5
  Eat: Chunk             |     2 |       ||     2
       Pizza             |     1 |       ||     1
Armor: Robe              |    12 |     8 ||    20
Dodge: Dodged            |    50 |     8 ||    58
